AoeStats
← kuna JR

Arabia

504416363Analyzed
1v1 RM · 28d ago on Sep 5, 2026· 34m 0s· 2 players
Game mode
Random Map
Map size
Tiny (2 player)
Population
200
Speed
Normal
Resources
Standard
Victory
Conquest
Starting age
Dark Age
Ending age
Imperial Age
RankedLock teamsTeams togetherTeam positionsShared explorationLock speedFull tech treeHidden civsTurbo modeCheats
Victory
Defeat
🇹🇼 Franks · Taiwan
1006
+18
🇨🇴 Franks · Colombia
1050
-53
kuna JR
10:50 Feudal Age
11:21 Loom
13:03 Wheelbarrow
16:45 Double-Bit Axe
21:03 Castle Age
20:24 Forging
20:58 Scale Barding Armor
23:19 Iron Casting
27:25 Husbandry
27:54 Town Watch
29:40 Chain Barding Armor
a0926231134
2:15 Loom
9:13 Feudal Age
10:51 Double-Bit Axe
15:12 Gold Mining
16:50 Wheelbarrow
19:50 Castle Age
18:38 Scale Barding Armor
19:27 Forging
22:27 Bow Saw
28:15 Stone Mining
34:26 Chain Barding Armor
Connection lost

Rejoining the realm…

Still unreachable

The connection could not be restored.

Session expired

The server has moved on; the page needs a fresh start.